Map: Typhon

Players

larsgj - Winner!

  • Race: Terran Terran
  • Spawn Location: 12:00

Lunarbears - Winner!

  • Race: Terran Terran
  • Spawn Location: 11:00

FroGGe - Winner!

  • Race: Zerg Zerg
  • Spawn Location: 11:00

A.I. 3 (Hard)

  • Race: Terran Terran
  • Spawn Location: 3:00

A.I. 4 (Hard)

  • Race: Protoss Protoss
  • Spawn Location: 5:00

A.I. 5 (Hard)

  • Race: Protoss Protoss
  • Spawn Location: 5:00

VOD

Have the link to the VOD?

Description

Time

  • Played on: May 9, 2020, 5:07 p.m.
  • Length: 22:53
Show
View Real Time Build Order
Export as new Build Order

larsgj Terran - Winner!

Build Orders:  

Get SALT Encoding   

  12  0:02  SCV  
  13  0:16  SCV  
  13  0:20  Supply Depot  
  14  0:47  Barracks  
  14  0:48  SCV  
  15  0:56  Supply Depot  
  15  1:00  SCV  
  16  1:08  Refinery  
  16  1:12  SCV  
  16  1:17  Refinery  
  17  1:22  Supply Depot  
  17  1:24  SCV  
  18  1:36  Marine  
  18  1:37  SCV  
  20  2:07  Bunker  
  20  2:15  Command Center  
  20  2:18  Marine  
  21  2:31  SCV  
  21  2:36  Marine  
  23  2:43  SCV  
  24  2:54  Marine  
  24  2:55  SCV  
  26  2:58  Engineering Bay  
  26  3:07  SCV  
  26  3:12  Marine  
  28  3:55  Orbital Command  
  28  3:59  Command Center  
  28  4:06  Factory  
  28  4:59  Starport  
  28  5:03  Supply Depot  
  28  5:28  Starport  
  28  5:30  Armory  
  28  5:39  Starport Tech Lab  
  28  6:16  Starport Tech Lab  
  28  6:44  Fusion Core  
  34  7:12  Viking x2  
  32  7:28  SCV  
  33  7:40  SCV  
  33  7:41  Viking  
  33  7:42  Viking  
  38  7:48  Terran Vehicle And Ship Armor Level 1  
  38  7:52  SCV  
  38  7:57  Supply Depot  
  39  8:05  SCV  
  40  8:10  Refinery  
  40  8:11  Viking  
  40  8:12  Viking  
  44  8:13  Refinery  
  44  8:37  Supply Depot  
  44  8:41  Viking  
  44  8:42  Viking  
  48  9:01  Supply Depot  
  48  9:06  Orbital Command  
  48  9:11  Viking  
  48  9:12  Viking  
  52  9:24  Supply Depot  
  52  9:31  SCV  
  53  9:42  Battlecruiser x2, Terran Ship Weapons Level 1  
  53  9:43  SCV  
  66  9:46  Supply Depot  
  66  9:55  SCV  
  53  10:10  Supply Depot  
  47  10:26  Supply Depot  
  47  10:46  Battlecruiser x2  
  47  10:47  SCV  
  47  10:49  Supply Depot  
  60  10:57  Orbital Command  
  60  10:59  SCV  
  61  11:11  Supply Depot  
  61  11:34  Supply Depot  
  61  11:35  Terran Vehicle And Ship Armor Level 2  
  61  11:37  Supply Depot  
  61  11:38  Supply Depot  
  61  11:50  Battlecruiser  
  67  11:55  Weapon Refit  
  67  12:01  Supply Depot x2  
  67  12:05  SCV  
  68  12:17  SCV  
  69  12:27  Supply Depot  
  69  12:29  SCV, Supply Depot  
  70  12:40  Battlecruiser  
  70  12:41  SCV  
  77  12:48  Missile Turret  
  77  12:51  Supply Depot  
  77  12:53  SCV  
  78  13:00  Refinery  
  78  13:01  Refinery  
  78  13:05  SCV  
  79  13:10  Missile Turret  
  77  13:17  SCV  
  77  13:29  SCV  
  77  13:30  Missile Turret  
  78  13:40  Battlecruiser  
  84  13:41  SCV  
  85  13:51  Terran Ship Weapons Level 2  
  85  13:59  Battlecruiser  
  91  14:49  Battlecruiser  
  97  15:03  Battlecruiser  
  103  15:29  SCV  
  104  15:41  SCV  
  105  15:48  Factory Tech Lab  
  105  15:50  Barracks Tech Lab  
  105  15:53  SCV, Battlecruiser  
  105  15:54  Rapid Reignition System  
  112  16:05  SCV  
  112  16:07  Battlecruiser, Terran Vehicle And Ship Armor Level 3  
  119  16:17  SCV  
  120  16:50  Advanced Ballistics  
  120  16:58  Battlecruiser  
  126  17:11  Battlecruiser  
  132  18:02  Battlecruiser  
  138  18:16  Battlecruiser  
  144  19:06  Battlecruiser  
  150  19:20  Battlecruiser  
  156  19:51  Terran Ship Weapons Level 3  
  156  20:10  Battlecruiser  
  162  20:24  Battlecruiser  
Show
View Real Time Build Order
Export as new Build Order

Lunarbears Terran - Winner!

Build Orders:  

Get SALT Encoding   

  12  0:04  SCV  
  13  0:16  SCV  
  14  0:22  Supply Depot  
  14  0:28  SCV  
  15  0:39  Refinery  
  15  0:43  SCV  
  15  0:46  Refinery  
  16  0:55  SCV  
  17  1:02  Barracks  
  17  1:08  SCV  
  18  1:20  SCV  
  18  1:24  Supply Depot  
  19  1:36  SCV  
  20  1:48  SCV  
  20  1:52  Supply Depot  
  21  2:09  Factory  
  21  2:14  Barracks Reactor  
  21  2:23  SCV, Supply Depot  
  22  2:35  SCV  
  23  2:48  SCV  
  24  2:52  Supply Depot  
  24  2:54  Engineering Bay  
  24  2:57  Marine x2  
  26  3:00  SCV  
  27  3:06  Hellion  
  29  3:15  Marine x2  
  31  3:33  Marine x2  
  33  3:35  Command Center  
  33  3:50  Marine  
  33  3:51  Marine  
  35  3:57  Starport  
  35  4:09  Factory  
  35  4:11  Factory Tech Lab  
  35  4:32  Marine x2  
  37  4:39  Terran Infantry Weapons Level 1  
  37  4:50  Marine x2  
  39  4:54  SCV  
  40  5:06  SCV  
  41  5:08  Marine x2  
  41  5:10  Starport Tech Lab  
  43  5:17  Fusion Core  
  43  5:18  SCV  
  44  5:28  Marine  
  44  5:29  Marine  
  42  6:34  Terran Infantry Armor Level 1  
  42  6:37  Barracks  
  36  6:41  Factory Tech Lab  
  29  6:50  Starport  
  29  6:51  Battlecruiser  
  34  7:30  Armory  
  34  7:43  Starport Tech Lab  
  34  8:10  Battlecruiser  
  34  8:11  Battlecruiser  
  46  8:30  Supply Depot  
  46  8:34  Barracks Reactor  
  46  8:46  Planetary Fortress  
  46  9:01  Terran Ship Weapons Level 1  
  46  9:16  Supply Depot  
  46  9:29  Refinery  
  46  9:34  Refinery  
  46  10:23  Battlecruiser  
  46  10:25  Battlecruiser  
  58  10:55  Command Center, Terran Vehicle And Ship Armor Level 1  
  58  11:13  Marine x2  
  58  11:14  Marine x2  
  62  11:29  SCV  
  62  11:31  Marine x2  
  62  11:32  Marine x2  
  67  11:41  SCV  
  68  11:53  SCV  
  69  11:54  Battlecruiser  
  69  11:57  Battlecruiser  
  81  12:08  Terran Infantry Weapons Level 2  
  81  12:22  SCV  
  82  12:34  SCV  
  82  12:37  Marine x3  
  83  12:38  Marine  
  87  12:46  SCV  
  87  12:49  Terran Ship Weapons Level 2  
  88  12:54  Marine  
  88  12:55  Marine x2  
  88  12:58  SCV  
  92  13:10  SCV  
  93  13:22  SCV  
  94  13:28  Refinery  
  94  13:34  SCV  
  94  13:36  Refinery  
  95  13:46  SCV  
  96  13:58  SCV  
  97  14:05  Supply Depot  
  97  14:11  SCV  
  97  14:12  Battlecruiser  
  97  14:27  Battlecruiser  
  103  14:52  Supply Depot  
  103  15:15  Supply Depot, Terran Infantry Armor Level 2  
  103  15:21  Terran Vehicle And Ship Armor Level 2  
  103  16:00  Supply Depot  
  103  16:13  Weapon Refit  
  103  16:20  Battlecruiser  
  103  16:22  Battlecruiser  
  113  17:24  Battlecruiser  
  119  17:31  Terran Infantry Weapons Level 3  
  119  17:37  Terran Ship Weapons Level 3  
  119  17:44  Battlecruiser  
  125  18:09  Supply Depot  
  125  18:29  Battlecruiser  
  131  18:46  Command Center  
  131  19:03  Supply Depot  
  111  20:08  Command Center  
  111  20:15  Terran Vehicle Weapons Level 1  
  111  20:17  Battlecruiser  
  111  20:18  Battlecruiser  
  111  21:21  Battlecruiser  
  111  21:22  Battlecruiser  
  123  21:36  Refinery  
  117  21:44  Refinery  
  117  22:24  Supply Depot  
Show
View Real Time Build Order
Export as new Build Order

FroGGe Zerg - Winner!

Build Orders: Pool First 

Get SALT Encoding   

  12  0:03  Drone  
  13  0:18  Drone  
  13  0:20  Overlord  
  14  0:46  Spawning Pool  
  13  0:56  Drone  
  15  0:57  Drone x2  
  16  1:19  Hatchery  
  15  1:32  Drone x3  
  18  1:40  Queen  
  20  1:49  Extractor  
  19  1:54  Extractor  
  19  1:57  Drone x2  
  20  2:10  Drone  
  21  2:23  Zergling x2  
  22  2:32  Queen  
  22  2:34  Zergling x2  
  25  2:39  Zergling x4  
  27  2:57  Drone  
  28  2:58  Overlord  
  28  3:11  Metabolic Boost  
  28  3:28  Zergling x8  
  28  3:29  Zergling x4  
  34  3:36  Lair  
  34  3:45  Zergling x4  
  36  3:55  Overlord  
  36  3:56  Overlord x4  
  36  4:18  Zergling x8  
  36  4:19  Zergling x2  
  41  4:29  Queen  
  43  4:40  Drone  
  43  4:41  Drone  
  43  4:44  Drone x2  
  47  4:57  Evolution Chamber  
  46  5:30  Hydralisk Den  
  36  5:42  Zergling x12  
  32  6:29  Hydralisk x5  
  32  6:30  Hydralisk  
  39  7:05  Hydralisk x2  
  39  7:06  Hydralisk x6  
  55  7:12  Zerg Missile Weapons Level 1  
  55  7:44  Hydralisk x4  
  63  7:58  Drone x2  
  63  7:59  Drone x3  
  68  8:06  Muscular Augments  
  68  8:30  Queen  
  68  8:33  Hydralisk x2  
  74  8:54  Hatchery  
  73  9:06  Zerg Ground Armor Level 1  
  73  9:07  Drone  
  73  9:08  Drone x2  
  76  9:10  Overlord x2  
  76  9:18  Grooved Spines  
  76  9:37  Infestation Pit  
  75  9:41  Drone x6  
  53  10:19  Queen  
  53  10:22  Drone x2  
  55  10:34  Queen  
  57  10:44  Hydralisk  
  57  10:45  Hydralisk x6  
  57  10:46  Hydralisk  
  73  11:00  Zerg Missile Weapons Level 2  
  73  11:05  Hydralisk  
  73  11:06  Overlord  
  73  11:07  Overlord x2  
  75  11:11  Extractor  
  75  11:18  Extractor  
  67  11:33  Hydralisk x3  
  73  11:47  Drone  
  73  11:48  Drone x2  
  73  11:49  Drone x2  
  78  11:55  Drone  
  78  11:56  Drone x2  
  81  12:11  Hive  
  81  12:19  Drone  
  81  12:20  Drone x2  
  84  12:25  Hydralisk x4  
  84  12:26  Hydralisk x3  
  98  13:01  Drone x3  
  98  13:02  Drone x2  
  103  13:15  Zerg Ground Armor Level 2  
  103  13:26  Queen  
  105  13:28  Queen  
  105  13:29  Ultralisk Cavern  
  84  13:56  Hydralisk x4  
  84  13:57  Hydralisk x6  
  84  13:58  Hydralisk x2  
  87  14:54  Ultralisk x2  
  87  14:55  Ultralisk  
  87  14:57  Overlord x4  
  87  14:58  Overlord x3  
  105  15:06  Anabolic Synthesis  
  105  15:21  Extractor  
  105  15:26  Extractor, Drone x3  
  105  15:27  Drone x2  
  108  16:06  Queen  
  108  16:10  Ultralisk x2  
  98  16:39  Ultralisk  
  108  16:40  Ultralisk  
  108  17:03  Hydralisk x2  
  108  17:04  Hydralisk x2  
  116  17:18  Queen  
  116  17:22  Queen  
  120  17:45  Ultralisk x2  
  120  17:46  Overlord x6  
  120  17:47  Overlord x3  
  132  17:53  Queen  
  134  18:01  Chitinous Plating  
  72  18:37  Hydralisk x2  
  72  18:38  Hydralisk x7  
  86  19:08  Ultralisk  
  92  19:32  Zerg Melee Weapons Level 1  
  92  19:51  Zergling x6  
  92  19:52  Zergling x12  
  101  20:10  Zergling x4  
  101  20:11  Zergling x2  
  80  20:46  Extractor  
  80  20:49  Ultralisk x2  
  91  20:50  Hydralisk x6  
  87  22:05  Hydralisk x2  
  87  22:06  Hydralisk x7  
Show
View Real Time Build Order
Export as new Build Order

A.I. 3 (Hard) Terran 

Build Orders:  

Get SALT Encoding   

  12  0:01  SCV  
  13  0:13  SCV  
  14  0:20  Supply Depot  
  14  0:25  SCV  
  15  0:41  SCV  
  16  0:44  Barracks  
  16  0:48  Refinery  
  16  0:53  SCV  
  17  1:05  SCV  
  18  1:17  SCV  
  19  1:20  Supply Depot  
  19  1:30  SCV  
  19  1:31  Marine  
  21  1:40  Barracks  
  21  1:43  Orbital Command  
  21  1:49  Refinery, Barracks Tech Lab  
  21  2:04  Factory  
  21  2:08  Marine  
  22  2:24  Supply Depot  
  22  2:31  Marine  
  22  2:36  Marine  
  24  2:49  Marine, Hellion  
  27  2:55  Supply Depot  
  27  3:09  SCV  
  27  3:10  Hellion  
  30  3:21  SCV  
  30  3:22  Engineering Bay  
  31  3:32  Hellion  
  31  3:33  SCV  
  34  3:37  Supply Depot  
  34  3:45  SCV  
  35  3:53  Hellion  
  37  3:58  SCV  
  38  4:10  SCV  
  38  4:15  Hellion  
  41  4:36  Hellion  
  43  4:43  Barracks Tech Lab  
  43  4:45  Stimpack, Marauder  
  45  4:47  Factory  
  45  4:50  Starport  
  45  4:54  Starport  
  45  4:56  Terran Infantry Weapons Level 1, Supply Depot  
  45  4:57  Widow Mine  
  47  5:01  Combat Shield  
  47  5:02  Marine  
  48  5:10  Marine  
  49  5:19  Factory Tech Lab  
  49  5:20  Marine  
  50  5:28  Supply Depot  
  50  5:29  Marauder, Starport Tech Lab  
  50  5:31  Factory Tech Lab, Starport Tech Lab  
  41  5:38  Marauder  
  39  5:50  Marine  
  40  5:59  Marine, Command Center  
  41  6:07  Marine  
  45  6:11  Siege Tank  
  45  6:20  Concussive Shells, Siege Tank  
  48  6:28  Marine  
  48  6:30  Missile Turret  
  49  6:35  Missile Turret  
  49  6:37  Marine  
  52  6:46  Widow Mine  
  52  6:47  Raven  
  54  6:51  Terran Infantry Armor Level 1  
  54  6:57  Bunker  
  54  7:05  Barracks  
  54  7:12  SCV  
  54  7:13  SCV  
  58  7:24  Raven, SCV  
  58  7:25  SCV, Refinery  
  58  7:26  Missile Turret  
  58  7:28  Missile Turret  
  60  7:30  Refinery  
  60  7:36  SCV  
  61  7:37  SCV, Sensor Tower  
  62  7:48  SCV  
  62  7:50  SCV  
  64  7:51  Bunker  
  64  8:00  SCV  
  64  8:02  SCV  
  66  8:08  Armory  
  66  8:09  Barracks Reactor  
  66  8:12  SCV  
  67  8:14  SCV  
  68  8:24  SCV  
  68  8:26  SCV  
  70  8:36  SCV  
  70  8:38  SCV  
  72  8:48  SCV  
  72  8:50  SCV  
  72  8:55  Siege Tank  
  77  8:56  Medivac x2  
  77  8:58  Supply Depot  
  77  9:01  SCV, Siege Tank  
  85  9:23  Supply Depot  
  85  9:26  Medivac  
  85  9:27  Siege Tank  
  92  9:31  Command Center  
  92  9:34  Hellion  
  92  9:35  Raven  
  94  9:46  Supply Depot  
  94  9:55  Siege Tank  
  94  9:59  Siege Tank  
  100  10:03  Marine  
  86  10:10  Marine  
  72  10:16  Marine  
  75  10:23  Marine  
  75  10:24  Raven  
  76  10:29  Marine  
  79  10:36  Marine  
  79  10:43  Raven, Marine  
  79  10:44  SCV  
  79  10:45  SCV  
  79  10:47  SCV  
  79  10:49  Marine  
  84  10:53  Refinery  
  84  10:56  SCV, Siege Tank  
  88  10:57  SCV  
  88  10:59  Refinery  
  88  11:00  SCV  
  88  11:03  Siege Tank  
  93  11:08  SCV  
  93  11:09  SCV  
  95  11:12  SCV  
  95  11:16  Terran Infantry Weapons Level 2  
  96  11:19  Missile Turret  
  96  11:20  SCV  
  96  11:22  SCV  
  96  11:24  SCV, Missile Turret  
  99  11:29  Hellion  
  99  11:32  SCV  
  102  11:34  SCV  
  102  11:35  Siege Tank  
  102  11:36  SCV  
  102  11:37  Terran Vehicle Weapons Level 1  
  107  11:44  SCV  
  107  11:45  Engineering Bay  
  108  11:50  Bunker  
  108  11:58  Ghost Academy  
  108  12:05  Fusion Core  
  108  12:10  Terran Infantry Armor Level 2  
  108  12:13  Armory  
  108  12:47  Marauder  
  108  12:50  Marauder  
  112  12:52  Marine  
  112  12:53  Supply Depot  
  112  12:54  Marine  
  114  13:04  Terran Vehicle And Ship Armor Level 1  
  114  13:09  Marauder, Marine  
  114  13:11  Marine  
  114  13:12  Marine  
  119  13:18  Supply Depot  
  113  13:27  Marine  
  113  13:28  Raven, Marine  
  113  13:29  Marine  
  113  13:30  Marine  
  113  13:33  Raven  
  117  13:41  Terran Infantry Weapons Level 3  
  117  13:45  Marine, Supply Depot  
  117  13:47  Marauder, Marine x2  
  107  14:02  Medivac  
  109  14:03  Marine  
  109  14:05  Terran Ship Weapons Level 1, Marine  
  109  14:06  Marauder  
  109  14:08  Marine  
  115  14:10  SCV  
  115  14:12  Supply Depot  
  115  14:16  Raven  
  116  14:21  Marine  
  116  14:23  Marine  
  118  14:25  Ghost  
  118  14:27  Marine  
  121  14:32  Medivac  
  121  14:34  Terran Infantry Armor Level 3  
  123  14:38  Marine  
  123  14:45  Marauder  
  126  14:54  Ghost  
  126  14:58  Terran Vehicle Weapons Level 2  
  128  15:06  Marauder  
  130  15:28  Marauder  
  132  15:48  Rapid Reignition System  
  132  15:59  Terran Vehicle And Ship Armor Level 2  
  132  16:18  Viking, Neosteel Armor  
  134  16:21  Marauder  
  134  16:23  Supply Depot  
  134  16:24  Marauder  
  138  16:28  Viking  
  138  16:32  Marine  
  127  16:34  Marine  
  115  16:42  Marine  
  115  16:45  Marine  
  117  16:49  Marine  
  117  16:51  Siege Tank  
  117  16:52  Marine  
  122  17:00  Marauder  
  124  17:03  Marauder  
  124  17:07  Marine  
  127  17:10  Marine  
  127  17:11  Hi-Sec Auto Tracking  
  128  17:16  Terran Ship Weapons Level 2  
  128  17:21  Ghost  
  130  17:25  Marauder, Marine  
  130  17:28  Marine  
  134  17:43  Marine  
  135  17:46  Marine  
  135  17:50  Marauder  
  138  18:04  Marauder  
  140  18:12  Marauder  
  142  18:15  Terran Vehicle Weapons Level 3  
  142  19:37  Marine  
  139  19:40  Marine  
  139  19:43  Marine  
  138  19:46  Marine  
  139  20:13  Marine  
  135  20:17  Marauder  
  135  20:20  Marine  
  133  20:23  Marine  
  129  20:31  Marine  
  108  20:37  Marine  
  108  20:38  Marine  
  108  20:39  Viking  
  102  20:43  Hellion  
  102  20:46  Raven  
  102  20:47  Marine  
  92  20:51  Hellion  
  92  20:57  Supply Depot  
  67  21:05  Hellion  
  67  21:08  Marine  
  58  21:12  Marine  
  58  21:13  Missile Turret  
  58  21:16  Marine  
  41  21:20  Marine  
  41  21:22  SCV  
  41  21:25  SCV  
  41  21:26  SCV  
  41  21:29  Raven  
  41  21:30  Marine  
  36  21:34  Marine, SCV  
  36  21:37  SCV, Siege Tank  
  36  21:39  SCV  
  36  21:46  SCV  
  34  21:48  Marauder  
  34  21:49  SCV  
  34  21:51  SCV  
  32  21:59  SCV  
  31  22:01  SCV  
  31  22:03  Viking  
  28  22:09  Marine, Hellion  
  28  22:11  SCV  
  16  22:27  Marauder  
  13  22:30  Factory  
  14  22:40  Supply Depot  
  10  22:45  Command Center  
Show
View Real Time Build Order
Export as new Build Order

A.I. 4 (Hard) Protoss 

Build Orders:  

Get SALT Encoding   

  12  0:01  Probe  
  13  0:13  Probe  
  14  0:21  Pylon  
  14  0:25  Probe  
  15  0:35  Probe  
  16  0:43  Probe  
  16  0:48  Assimilator  
  17  0:52  Gateway  
  17  0:53  Probe  
  18  1:01  Probe  
  18  1:02  Pylon  
  19  1:20  Probe  
  20  1:39  Zealot  
  22  1:42  Gateway  
  22  1:45  Cybernetics Core  
  22  1:48  Assimilator  
  22  2:00  Pylon  
  22  2:09  Zealot  
  22  2:21  Warp Gate  
  24  2:30  Adept  
  26  2:39  Pylon  
  26  2:42  Adept  
  28  3:00  Adept  
  28  3:02  Stalker  
  32  3:21  Probe  
  32  3:23  Pylon  
  33  3:30  Adept  
  33  3:33  Probe  
  36  3:37  Adept  
  38  3:42  Forge  
  38  3:45  Probe  
  39  3:57  Probe  
  39  4:00  Adept  
  42  4:07  Probe  
  43  4:14  Stalker  
  43  4:15  Probe  
  46  4:37  Adept  
  48  6:01  Protoss Ground Weapons Level 1  
  48  6:03  Stalker  
  50  6:06  Gateway  
  50  6:12  Pylon  
  50  6:13  Nexus  
  50  6:14  Zealot  
  50  6:15  Photon Cannon  
  52  6:18  Photon Cannon  
  52  6:21  Robotics Facility  
  52  6:24  Stargate, Zealot  
  54  6:27  Twilight Council  
  54  6:29  Forge  
  54  6:34  Stalker  
  54  6:38  Pylon  
  50  6:44  Stalker  
  46  6:57  Zealot  
  48  7:07  Zealot  
  48  7:08  Protoss Ground Armor Level 1, Observer  
  51  7:17  Stalker  
  51  7:18  Blink  
  53  7:26  Probe  
  53  7:27  Probe, Stalker  
  53  7:29  Observer  
  58  7:37  Pylon, Sentry  
  58  7:38  Probe  
  58  7:39  Probe, Pylon  
  62  7:50  Probe  
  63  7:51  Probe  
  64  7:59  Photon Cannon  
  64  8:02  Probe, Photon Cannon  
  64  8:03  Probe  
  66  8:14  Probe  
  66  8:15  Probe  
  68  8:24  Probe  
  68  8:26  Probe  
  70  8:35  Probe  
  70  8:38  Probe  
  72  8:44  Probe  
  73  8:51  Assimilator  
  73  8:58  Assimilator  
  73  9:13  Probe  
  74  9:20  Probe  
  74  9:24  Probe  
  75  9:28  Probe  
  77  10:21  Protoss Ground Weapons Level 2  
  77  10:27  Void Ray  
  77  10:31  Warp Prism  
  77  10:35  Gateway  
  83  10:38  Stargate  
  83  10:41  Pylon  
  83  10:42  Protoss Ground Armor Level 2  
  83  10:45  Robotics Bay  
  83  10:48  Robotics Facility  
  83  11:06  Pylon  
  83  11:07  Warp Prism  
  83  11:08  Void Ray  
  89  11:18  Fleet Beacon  
  89  11:22  Phoenix  
  91  11:30  Pylon  
  90  11:35  Warp Prism  
  90  11:39  Phoenix  
  92  11:42  Gravitic Boosters, Colossus  
  100  11:56  Carrier  
  100  12:00  Protoss Air Weapons Level 1  
  106  12:11  Observer  
  106  12:31  Templar Archives  
  106  12:39  Gravitic Drive  
  106  12:43  Protoss Shields Level 1  
  106  12:49  Dark Shrine  
  105  13:53  Protoss Air Armor Level 1  
  105  14:14  Colossus  
  105  14:17  Nexus  
  99  14:30  Void Ray, Sentry  
  95  14:33  Protoss Shields Level 2  
  95  14:35  Pylon  
  95  14:36  Sentry  
  95  14:38  Carrier  
  85  14:42  Immortal  
  79  14:53  Stalker  
  79  14:59  Stalker  
  83  15:05  Stalker  
  85  15:11  Stalker  
  87  15:17  Zealot  
  89  15:22  Zealot  
  91  15:28  Stalker  
  91  15:29  Probe  
  91  15:34  Stalker  
  96  15:40  Sentry  
  96  15:42  Carrier  
  98  15:46  Adept  
  100  15:52  Extended Thermal Lance  
  100  15:55  Probe  
  100  15:56  Probe  
  100  15:57  Colossus  
  100  15:58  Probe  
  104  16:07  Probe  
  104  16:08  Probe  
  104  16:10  Probe  
  107  16:11  Pylon  
  107  16:14  Pylon, Assimilator  
  107  16:16  Assimilator  
  104  16:19  Probe  
  104  16:20  Probe  
  104  16:22  Probe  
  107  16:26  Zealot  
  107  16:30  Zealot  
  107  16:31  Probe  
  107  16:32  Probe  
  112  16:34  Probe  
  112  16:39  Void Ray  
  116  16:43  Probe  
  116  16:44  Probe  
  119  16:51  Void Ray  
  109  16:55  Probe  
  109  16:56  Probe  
  111  17:04  Protoss Ground Weapons Level 3  
  111  17:07  Probe  
  112  17:09  Probe  
  112  17:19  Probe  
  112  17:21  Probe  
  114  17:31  Probe  
  114  17:34  Probe  
  116  17:43  Probe  
  117  17:46  Probe  
  118  17:55  Protoss Ground Armor Level 3  
  118  17:56  Probe  
  119  18:01  Probe  
  119  18:07  Pylon  
  119  18:18  Stalker  
  111  18:24  Sentry  
  87  18:34  Zealot  
  89  18:48  Zealot  
  76  19:03  Stalker  
  78  19:19  Stalker  
  80  19:38  Stalker  
  82  19:47  Sentry  
  78  20:05  Stalker  
  76  20:26  Stalker  
  74  20:35  Stalker  
  74  20:40  Zealot  
  58  20:46  Sentry  
  50  20:51  Stalker  
  48  21:03  Probe  
Show
View Real Time Build Order
Export as new Build Order

A.I. 5 (Hard) Protoss 

Build Orders:  

Get SALT Encoding   

  12  0:01  Probe  
  13  0:13  Probe  
  14  0:22  Pylon  
  14  0:25  Probe  
  15  0:36  Probe  
  16  0:44  Probe  
  16  0:48  Assimilator  
  17  0:53  Probe, Gateway  
  18  1:01  Probe  
  18  1:04  Pylon  
  19  1:22  Probe  
  20  1:40  Zealot  
  20  1:43  Cybernetics Core  
  22  1:48  Gateway  
  22  1:49  Assimilator  
  22  1:59  Zealot  
  22  2:06  Pylon  
  24  2:19  Warp Gate  
  24  2:25  Zealot  
  26  2:34  Zealot  
  28  2:47  Pylon  
  28  2:52  Zealot  
  28  2:54  Stalker  
  30  3:01  Probe  
  33  3:13  Probe  
  33  3:19  Adept  
  36  3:21  Zealot  
  36  3:23  Pylon  
  36  3:25  Probe  
  39  3:36  Forge  
  39  3:38  Probe  
  40  3:48  Stalker  
  40  3:50  Probe  
  43  4:02  Probe  
  44  5:02  Protoss Ground Weapons Level 1  
  44  5:05  Adept  
  44  5:06  Gateway  
  46  5:11  Pylon  
  46  5:13  Adept, Photon Cannon  
  48  5:17  Photon Cannon  
  48  5:25  Sentry  
  48  5:27  Robotics Facility  
  50  5:33  Adept, Pylon  
  52  5:43  Stargate  
  52  5:48  Stalker  
  54  5:54  Twilight Council  
  54  5:56  Adept  
  56  6:04  Forge  
  56  6:05  Adept  
  52  6:14  Sentry  
  52  6:16  Observer  
  55  6:26  Nexus  
  55  6:27  Protoss Ground Armor Level 1  
  55  6:38  Observer  
  56  7:39  Probe  
  56  7:40  Probe  
  58  7:51  Probe  
  59  7:52  Probe  
  59  7:58  Assimilator  
  60  8:00  Pylon  
  60  8:02  Pylon  
  60  8:03  Probe, Assimilator  
  60  8:05  Probe  
  62  8:15  Probe  
  62  8:17  Probe  
  64  8:23  Photon Cannon  
  64  8:25  Photon Cannon  
  64  8:27  Probe  
  64  8:29  Probe  
  66  8:36  Probe  
  66  8:41  Probe  
  68  8:44  Probe  
  68  8:53  Probe x2  
  68  8:55  Warp Prism  
  72  8:58  Gateway  
  72  8:59  Templar Archives  
  72  9:01  Robotics Facility  
  73  9:03  Stargate  
  73  9:21  Warp Prism  
  73  9:29  Robotics Bay  
  75  9:36  High Templar  
  78  9:45  Probe  
  78  9:48  High Templar  
  78  9:49  Warp Prism  
  82  9:53  Fleet Beacon  
  82  9:57  Observer  
  75  10:03  Stalker  
  75  10:05  Protoss Ground Weapons Level 2  
  63  10:14  Stalker  
  63  10:16  Probe  
  63  10:18  Probe  
  61  10:25  Nexus  
  61  10:26  Sentry  
  63  10:43  Protoss Ground Armor Level 2  
  63  10:50  Zealot  
  65  11:01  Colossus  
  71  11:13  Carrier  
  71  11:14  Gravitic Boosters  
  77  11:25  High Templar, Archon  
  79  11:38  Probe, High Templar  
  82  11:40  Probe  
  82  11:41  Probe  
  84  11:50  Probe  
  84  11:52  Probe  
  84  11:54  Probe  
  87  11:55  Archon  
  87  11:56  High Templar  
  89  12:02  Probe  
  89  12:04  Probe, Pylon  
  89  12:06  Probe  
  89  12:07  Gravitic Drive, Pylon  
  89  12:08  High Templar  
  94  12:09  Assimilator  
  94  12:12  Assimilator  
  94  12:15  Probe  
  95  12:16  Probe  
  95  12:18  Probe  
  97  12:25  Archon  
  97  12:26  Protoss Shields Level 1, High Templar  
  97  12:27  Probe  
  97  12:29  Photon Cannon  
  100  12:31  Probe  
  100  12:33  Probe, Protoss Air Weapons Level 1  
  102  12:37  High Templar, Photon Cannon  
  102  12:39  Probe  
  102  12:41  Zealot  
  107  12:45  Zealot  
  109  12:58  Zealot  
  109  13:02  Zealot  
  113  13:09  Stalker  
  113  13:10  Void Ray  
  119  13:13  Pylon, Stalker  
  119  13:19  Sentry  
  123  13:23  Adept  
  125  13:32  Stalker  
  109  13:36  Sentry  
  95  13:42  Stalker  
  101  13:50  Immortal  
  101  13:51  Void Ray  
  101  13:53  Stalker  
  107  13:56  Adept  
  109  14:04  Protoss Ground Weapons Level 3  
  109  14:19  Protoss Ground Armor Level 3  
  109  14:42  Protoss Air Armor Level 1  
  109  15:38  Void Ray  
  109  15:48  Adept  
  111  15:51  Adept  
  111  15:54  Adept  
  115  15:57  Adept  
  115  16:03  Resonating Glaives  
  117  16:06  Adept  
  119  16:18  Dark Shrine  
  115  16:19  Zealot  
  115  16:22  Zealot  
  115  16:25  Stalker  
  105  16:28  Zealot  
  105  16:32  Protoss Shields Level 2  
  99  16:35  Adept  
  95  16:42  Adept  
  95  16:43  Protoss Air Weapons Level 2  
  95  16:48  Sentry  
  95  16:51  Void Ray, Sentry  
  99  16:54  Void Ray  
  99  16:55  Stalker  
  105  17:02  Stalker  
  107  17:11  Stalker  
  107  17:14  Stalker  
  111  18:18  Stalker  
  113  18:20  Blink  
  113  18:21  Zealot  
  113  18:24  Observer  
  113  18:29  Immortal  
  113  18:30  Pylon  
  113  18:31  Void Ray  
  110  18:35  Pylon  
  110  18:41  Pylon  
  110  18:44  Nexus  
  110  18:46  Assimilator  
  110  18:48  Disruptor  
  110  18:49  Void Ray  
  112  18:57  Stalker  
  112  18:58  Protoss Shields Level 3  
  112  18:59  Pylon  
  112  19:00  Disruptor  
  112  19:02  Stalker  
  115  19:14  Tempest  
  115  19:16  Stalker  
  115  19:20  Stalker  
  115  19:22  Protoss Air Weapons Level 3  
  113  19:29  Stalker  
  113  19:30  Pylon  
  115  19:34  Void Ray  
  114  20:18  Stalker  
  105  20:22  Stalker  
  105  20:27  Stalker  
  95  20:32  Stalker  
  83  20:41  Sentry  
  59  20:46  Stalker  
  59  20:50  Stalker  
  59  20:55  Zealot  
  59  21:04  Zealot  
  59  21:09  Sentry  
  61  21:13  Stalker  
  61  21:18  Zealot  
  65  21:24  Stalker  
  67  21:28  Zealot  
  65  21:37  Stalker  
  57  21:41  Stalker  
  57  21:44  Stalker  
  59  21:48  Stalker  
  59  22:00  Zealot  
  57  22:03  Stalker  
  57  22:07  Stalker  
  57  22:11  Stalker  
  57  22:13  Nexus  
  47  22:20  Zealot  
  39  22:27  Stalker  
  39  22:31  Stalker  
  39  22:42  Pylon  
  39  22:45  Gateway  
Tags
 
Add a new tag
Caveats
  • Supply blocks, unpowered buildings, or Contaminate may cause inaccurate times.
  • Supply counts are checked every 10 seconds.